 Dungeon Crawl Stone Soup version 0.18.1-50-g88ac8fd (webtiles) character file.

226 lorenzova the Sneak (level 5, -2/24 HPs)
             Began as a Spriggan Enchanter on Oct 7, 2016.
             Slain by a gnoll
             ... wielding a cursed -1 spear
              (10 damage)
             ... on level 2 of the Dungeon.
             The game lasted 00:03:24 (1931 turns).

lorenzova the Sneak (Spriggan Enchanter)            Turns: 1931, Time: 00:03:24

Health: -2/24      AC:  3    Str:  5    XL:     5   Next: 69%
Magic:  13/13      EV: 18    Int: 17    God:
Gold:   45         SH:  0    Dex: 16    Spells: 2 memorised, 11 levels left

rFire  . . .     SeeInvis +     a - +1 dagger
rCold  . . .     Gourm    .     b - +1 robe
rNeg   . . .     Faith    .     (shield restricted)
rPois  .         Spirit   .     (helmet restricted)
rElec  .         Dismiss  .     (no cloak)
rCorr  .         Reflect  .     (gloves unavailable)
SustAt .         Harm     .     (boots unavailable)
MR     .....                    (no amulet)
Stlth  ++++......               (no ring)
                                g - +4 ring of slaying

@: very quick, not resistant to hostile enchantments, stealthy
A: unfitting armour, see invisible, herbivore 3, speed 3, slow metabolism 2
a: no special abilities


You were on level 2 of the Dungeon.
You were not hungry.

You visited 1 branch of the dungeon, and saw 2 of its levels.

You collected 45 gold pieces.

Inventory:

Hand Weapons
 a - a +1 dagger (weapon)
Armour
 b - a +1 robe (worn)
Jewellery
 g - a +4 ring of slaying (left hand)
Scrolls
 i - a scroll of fear
 l - a scroll of fog {unknown}
Potions
 e - 2 potions of curing {unknown}
 f - a potion of invisibility {unknown}
 h - a potion of lignification {unknown}
 j - a potion of beneficial mutation {unknown}
 k - a potion of degeneration {unknown}
 m - a potion of cancellation {unknown}
Books
 c - a book of Maledictions

   Spells                             Type                      Level
   a - Corona                         Hexes                        1
   b - Ensorcelled Hibernation        Hexes/Ice                    2
   c - Confuse                        Hexes                        3
   d - Tukima's Dance                 Hexes                        3
   e - Dazzling Spray                 Conjuration/Hexes            3
Comestibles
 d - 3 bread rations


   Skills:
 - Level 1.1 Short Blades
 - Level 3.0 Dodging
 + Level 5.7 Stealth
 * Level 5.2 Spellcasting
 * Level 5.6 Hexes


You had 11 spell levels left.
You knew the following spells:

 Your Spells              Type           Power        Failure   Level  Hunger
a - Corona                Hex            ###....      1%          1    None
b - Ensorcelled Hibernat  Hex/Ice        ##....       10%         2    #......


Dungeon Overview and Level Annotations

Branches:
Dungeon (2/15)

Altars:
Ashenzari


Innate Abilities, Weirdness & Mutations

You are tiny and cannot use many weapons and most armour.
You have supernaturally acute eyesight.
You are a herbivore.
You cover ground extremely quickly.
You need consume almost no food.


Message History

You hit the quokka but do no damage.
The quokka is heavily wounded.
The gnoll hits you from afar with a spear!
* * * LOW HITPOINT WARNING * * *
The quokka bites you but does no damage.
You are too injured to fight recklessly!
You are too injured to fight recklessly!
You are too injured to fight recklessly!
You are too injured to fight recklessly!
You closely miss the quokka.
The quokka is moderately wounded.
The quokka misses you.
You hit the quokka.
You kill the quokka!
The gnoll shouts! x2
The gnoll barely misses you.
There is a stone staircase leading up here.
The gnoll closely misses you. The gnoll hits you with a spear!
You die...

######.....#
#......# #.....#
###....# #.....#
##...#
#############...#
##.....#......#
.#.............##
......>.......<.#
#.$........g....#
.........$@g....#
#.....##.##.....#
.....##...##....#
#....#.....#...##
###.
#.....#..#######
#.....#..[.....#
##...##....†...#
#...).#........#
#.....#........#


You could see 2 gnolls.

Vanquished Creatures
  Sigmund (D:2)
  An adder (D:2)
  An ooze (D:1)
  2 worms (D:2)
  A dart slug (D:1)
  4 giant cockroaches (D:1)
  7 goblins
  6 hobgoblins
  3 jackals (D:2)
  3 kobolds
  A quokka (D:2)
  9 bats
  3 rats
42 creatures vanquished.

Notes
Turn   | Place    | Note
--------------------------------------------------------------
     0 | D:1      | lorenzova the Spriggan Enchanter began the quest for the Orb.
     0 | D:1      | Reached XP level 1. HP: 9/9 MP: 5/5
   106 | D:1      | Reached XP level 2. HP: 13/13 MP: 7/7
   110 | D:1      | Learned a level 2 spell: Ensorcelled Hibernation
   856 | D:1      | Reached XP level 3. HP: 16/16 MP: 8/8
  1212 | D:2      | Noticed Sigmund
  1582 | D:2      | Killed Sigmund
  1582 | D:2      | Reached skill level 5 in Stealth
  1582 | D:2      | Reached skill level 5 in Spellcasting
  1582 | D:2      | Reached skill level 5 in Hexes
  1582 | D:2      | Reached XP level 4. HP: 11/21 MP: 6/12
  1582 | D:2      | Reached XP level 5. HP: 13/24 MP: 6/13
  1783 | D:2      | Found a shattered altar of Ashenzari.
  1931 | D:2      | Slain by a gnoll

Skill      XL: |  1  2  3 |
---------------+----------+-----
Spellcasting   | 3 5 |  5.2
Hexes          | 4 5 |  5.6
Stealth        | 5 |  5.7
Short Blades   | |  1.1
Dodging        | |  3.0

Action                   |  1- 3 |  4- 6 || total
-------------------------+-------+-------++-------
Melee: Dagger            |    95 |    22 ||   117
 Cast: Ensorcelled Hiber |     9 |       ||     9
  Use: Scroll            |     5 |       ||     5
 Stab: Sleeping          |    20 |     1 ||    21
Armor: Robe              |    23 |     1 ||    24
Dodge: Dodged            |   117 |    19 ||   136
